 Dungeon Crawl Stone Soup version 0.27.1-16-g815e20cd7a (webtiles) character file.

Game seed: 15750382634515045518

189 zeram the Skirmisher (level 5, -10/47 HPs)
             Began as a Hill Orc Fighter on Nov 23, 2021.
             Mangled by an ogre (19 damage)
             ... on level 3 of the Dungeon.
             The game lasted 00:02:27 (2274 turns).

zeram the Skirmisher (Hill Orc Fighter)             Turns: 2274, Time: 00:02:27

Health: -10/47     AC:  7    Str: 20    XL:     5   Next: 68%
Magic:  5/5        EV:  7    Int:  8    God:
Gold:   57         SH:  9    Dex: 10    Spells: 4/4 levels left

rFire    . . .     SeeInvis .   a - +0 war axe
rCold    . . .     Faith    .   c - +0 kite shield
rNeg     . . .     Spirit   .   b - +0 scale mail
rPois    .         Reflect  .   (no helmet)
rElec    .         Harm     .   (no cloak)
rCorr    .         Rampage  .   (no gloves)
Will     .....                  (no boots)
Stlth    ..........             (no amulet)
HPRegen  0.15/turn              (no ring)
MPRegen  0.09/turn              (no ring)

@: mighty
A: no striking features
a: no special abilities


You were on level 3 of the Dungeon.
You visited 1 branch of the dungeon, and saw 3 of its levels.

You collected 57 gold pieces.

Inventory:

Hand Weapons
 a - a +0 war axe (weapon)
Armour
 b - a +0 scale mail (worn)
 c - a +0 kite shield (worn)
Jewellery
 h - a ring of flight
Scrolls
 f - a scroll of teleportation
Potions
 g - 3 potions of curing {unknown}
 i - 2 potions of degeneration {unknown}


   Skills:
 + Level 4.5 Fighting
 + Level 4.5 Axes
 + Level 4.5 Armour
 + Level 0.4 Dodging
 + Level 4.3 Shields


You had 4 spell levels left.
You didn't know any spells.
Your spell library was empty.

Dungeon Overview and Level Annotations

Branches:
Dungeon (3/15)

Altars:


Message History

An ogre is nearby!
A ball python comes into view.
The ball python hisses angrily.
You block the ogre's attack.
You hit the ogre.
The ogre is lightly wounded.
The ogre hits you with a +0 giant club!!
You closely miss the ogre.
The ogre is lightly wounded.
Your scale mail prevents you from hitting the ball python.
The ball python bites you but does no damage.
The ball python grabs you. The ball python constricts you.
The ogre hits you with a +0 giant club!
You are too injured to fight recklessly!
You are too injured to fight recklessly!
You are too injured to fight recklessly!
You escape the ball python's grasp.
The ogre hits you with a +0 giant club. The ball python barely misses you.
The ball python grabs you. The ball python constricts you.
You feel very mighty all of a sudden.
The ball python bites you but does no damage.
The ball python constricts you.
* * * LOW HITPOINT WARNING * * *
You barely miss the ball python. You block the ball python's attack.
The ball python constricts you. You block the ball python's attack.
The ball python constricts you.
You slash the ball python!
You kill the ball python!
You block the ogre's attack.
You slash the ogre!
The ogre is heavily wounded.
You block the ogre's attack.
Your shield prevents you from hitting the ogre.
The ogre is heavily wounded.
The ogre hits you with a +0 giant club.
* * * LOW HITPOINT WARNING * * *
You hit the ogre.
The ogre is severely wounded.
The ogre hits you with a +0 giant club!!
You die...

******** ,,,,,,,######******
######## ******,,........,,*
#......##### ,,,,,*,<,......,,,*
#.#......... *********#.....,,,*
#.#.##.##### #....,,,,* #.#.#(.#
**♣♣*##....,,,,* #.#....#####
****,♣.P#)#..#########.#.........
**,,*.)P.))....O@...........>..#.
+,***♣)P.)....########...#.#.#.#.
*** ♣♣P#))...########...#.#.#.#.
* **##...............#.#.#.#.
#.....########..#.#.#<..
#.....##........#.#.#.##
********#......#.#####.##.#.#...
*,,,*,#......#.#.# #.##.#.####
**,,,*,#......#).)# #.#*,*,*


You could see an ogre.

Vanquished Creatures
  A water moccasin skeleton (D:2)
  Jessica (D:3)
  Terence (D:2)
  4 adders (D:2)
  A worm (D:2)
  4 dart slugs
  2 ball pythons (D:3)
  3 endoplasms
  8 hobgoblins
  6 jackals (D:2)
  4 kobolds
  A frilled lizard (D:3)
  2 goblins (D:1)
  5 rats
43 creatures vanquished.

Notes
Turn   | Place    | Note
-------+----------+-------------------------------------------
     0 | D:1      | zeram the Hill Orc Fighter began the quest for the Orb.
     0 | D:1      | Reached XP level 1. HP: 19/19 MP: 1/1
   340 | D:1      | Reached XP level 2. HP: 24/27 MP: 2/2
   466 | D:1      | You fall into a shaft and drop 1 floor!
   493 | D:2      | Found a faded altar of an unknown god.
   744 | D:2      | Reached XP level 3. HP: 24/33 MP: 3/3
   871 | D:2      | Noticed Terence
   884 | D:2      | Killed Terence
   885 | D:2      | Reached XP level 4. HP: 19/40 MP: 4/4
  1680 | D:2      | Reached XP level 5. HP: 30/47 MP: 5/5
  2239 | D:3      | Noticed Jessica
  2247 | D:3      | Killed Jessica
  2259 | D:3      | Noticed an ogre
  2274 | D:3      | Mangled by an ogre

Illustrated notes

Levels and vault maps discovered:
D:1:      dpeg_arrival_windows_large_door, layout_loops_ring,
          serial_bayou_pond_b
D:2:      layout_basic, hellmonk_ecumenical_altar_arch_garden,
          serial_park_tiny_1, uniq_terence
D:3:      layout_basic, serial_shops, nicolae_shop_overgrown_old_shop,
          uniq_jessica, uniq_crazy_yiuf_cottage

Skill      XL: |  1  2  3  4 |
---------------+-------------+-----
Axes           | 3 4 |  4.5
Fighting       | 4 |  4.5
Armour         | 4 |  4.5
Shields        | 4 |  4.3
Dodging        | |  0.4

Action                   |  1- 3 |  4- 6 || total
-------------------------+-------+-------++-------
Melee: War axe           |    78 |    92 ||   170
  Use: Scroll            |       |     3 ||     3
       Potion            |       |     1 ||     1
Armor: Scale mail        |    40 |    28 ||    68
Dodge: Dodged            |    35 |    25 ||    60
Block: Kite shield       |    49 |    51 ||   100
